 Dungeon Crawl Stone Soup version 0.31-a0-152-g6aa68a64a1 (webtiles) character file.

Game seed: 14259314729577978513

57 qw the Shooter (level 3, -8/31 HPs)
             Began as a Minotaur Hunter on June 9, 2023.
             Mangled by Terence
             ... wielding a +1 trident of pain
              (10 damage)
             ... on level 2 of the Dungeon.
             The game lasted 00:00:32 (1223 turns).

qw the Shooter (Minotaur Hunter)                    Turns: 1223, Time: 00:00:32

Health: -8/31      AC:  0    Str: 15    XL:     3   Next: 73%
Magic:  2/2        EV: 12    Int:  6    God:
Gold:   73         SH:  0    Dex: 15    Spells: 2/2 levels left

rFire   + . .        Y - +0 shortbow
rCold   + . .        (shield currently unavailable)
rNeg    . . .        (no body armour)
rPois   .            (helmet restricted)
rElec   .            g - scarf {rC+ rF+}
rCorr   .            (no gloves)
SInv    .            (no boots)
Will    .....        (no amulet)
Stlth   ++           (no ring)
HPRegen 0.25/turn    (no ring)
MPRegen 0.08/turn

%: no passive effects
@: about to teleport
A: horns 2, retaliatory headbutt
a: no special abilities


You were on level 2 of the Dungeon.
You visited 1 branch of the dungeon, and saw 2 of its levels.

You collected 73 gold pieces.


Innate Abilities, Weirdness & Mutations

You have a pair of horns on your head.
You reflexively headbutt those who attack you in melee.


   Skills:
 - Level 3.0 Fighting
 + Level 5.7 Ranged Weapons
 - Level 2.1 Dodging
 - Level 0.7 Stealth


You had 2 spell levels left.
You didn't know any spells.
Your spell library was empty.

Inventory:

Hand Weapons
 Y - a +0 shortbow (weapon)
Armour
 c - a +0 leather armour
 d - a +0 ring mail
 g - a scarf of resistance (worn)
Scrolls
 a - 4 scrolls of identify
 b - a scroll of brand weapon {unknown}
Potions
 e - 2 potions of curing {unknown}
 h - 2 potions of magic {unknown}
 i - a potion of enlightenment {unknown}

Dungeon Overview and Level Annotations

Branches:
Dungeon (2/15)

Altars:

Annotations:
D:2 Terence


Message History

You shoot an arrow.
The arrow hits Terence but does no damage.
You shoot an arrow. The arrow barely misses Terence.
You shoot an arrow.
The arrow hits Terence but does no damage.
You shoot an arrow. The arrow hits Terence.
Terence is lightly wounded.
Terence says, "Don't bother to defend, it's useless."
Terence hits you from afar with a +1 trident of pain.
You shoot an arrow. The arrow closely misses Terence.
Terence hits you from afar with a +1 trident of pain.
You writhe in agony.
You shoot an arrow.
The arrow hits Terence but does no damage.
Terence is lightly wounded.
Terence hits you from afar with a +1 trident of pain!
You shoot an arrow. The arrow barely misses Terence.
Terence hits you from afar with a +1 trident of pain!
Enter note:
Enter note:
Enter note:
Enter note:
1218 ||| UPGRADING to +0 ring mail.
Terence closely misses you.
You start removing your armour.
You continue taking off your +0 leather armour.
Terence says, "Rest in peace."
Terence closely misses you.
You continue taking off your +0 leather armour.
Terence barely misses you.
You continue taking off your +0 leather armour.
Terence barely misses you.
You continue taking off your +0 leather armour.
Terence hits you from afar with a +1 trident of pain!
You finish taking off your +0 leather armour.
1223 ||| READING scroll of teleportation.
As you read the scroll of teleportation, it crumbles to dust.
You feel strangely unstable.
Terence hits you from afar with a +1 trident of pain!
You die...

...# #.#......# ....##.#..#
...### #........#... ... #.#...
...#.###.###....#.. [.. ##.#...
...#.......+....#.. ... ..+...
...#.###..##......# #....##.#...
...#+###...+......# .........#...
.........#.#....@.##.............
##.......#.####..................
.#.........# #.@................
.#.........# ###%.#########.##..
.#.........# #.............##..
.#%.....##+### #.###.[....#..##..
##.#.........# #.# .........#..
...+.........# #.#.######..#..#..
##)#.........# #.#...............
##...........###.#.##....>##.#...
.............#...# ##.#####.+...


You could see Terence.

Vanquished Creatures
  2 adders (D:2)
  2 worms (D:2)
  2 dart slugs (D:2)
  3 ball pythons
  2 endoplasms (D:2)
  2 goblins
  4 hobgoblins (D:1)
  A quokka (D:1)
  5 bats
  A frilled lizard (D:1)
  2 kobolds
  3 rats
29 creatures vanquished.

Notes
Turn   | Place    | Note
-------+----------+-------------------------------------------
     0 | D:1      | qw the Minotaur Hunter began the quest for the Orb.
     0 | D:1      | Reached XP level 1. HP: 18/18 MP: 0/0
     0 | D:1      | 0 ||| qw: Version: 0.2-a-122-gbc61b45
     0 | D:1      | 0 ||| qw: Game counter: 3301
     0 | D:1      | 0 ||| qw: Always use a shield: true
     0 | D:1      | 0 ||| qw: God list: Okawaru
     0 | D:1      | 0 ||| qw: Allow faded altars: false
     0 | D:1      | 0 ||| qw: Do Orc after D:15 true
     0 | D:1      | 0 ||| qw: Do second Lair branch before Depths: true
     0 | D:1      | 0 ||| qw: Lair rune preference: random
     0 | D:1      | 0 ||| qw: Plans: Normal
     0 | D:1      | 0 ||| PLANNING D:1-11
   120 | D:1      | Reached XP level 2. HP: 25/25 MP: 1/1
   122 | D:1      | Reached skill level 5 in Ranged Weapons
   161 | D:1      | Found a faded altar of an unknown god.
   675 | D:1      | 675 ||| UPGRADING to scarf of resistance.
   680 | D:1      | 680 ||| READING 6 scrolls labelled CUEKOPR ADGHE.
   681 | D:1      | 681 ||| READING 2 scrolls labelled BAUSOUR ROCURAY.
   686 | D:1      | 686 ||| READING scroll labelled BITHUFINEO.
   687 | D:1      | 687 ||| READING 5 scrolls of identify.
   687 | D:1      | 687 ||| IDENTIFYING coppery potion
   688 | D:1      | 688 ||| DROPPING scroll of butterflies.
   689 | D:1      | 689 ||| DROPPING potion of degeneration.
   691 | D:1      | 691 ||| Stepping ~*~*~tactically~*~*~ (cloud).
   855 | D:2      | Reached skill level 3 in Fighting
   969 | D:2      | Reached XP level 3. HP: 31/31 MP: 2/2
  1209 | D:2      | Noticed Terence
  1218 | D:2      | 1218 ||| UPGRADING to +0 ring mail.
  1222 | D:2      | HP: 2/31 [Terence/+1 trident of pain (8)]
  1223 | D:2      | 1223 ||| READING scroll of teleportation.
  1223 | D:2      | Mangled by Terence

Levels and vault maps discovered:
D:1:      nicolae_arrival_washed_ashore, layout_loops_cross,
          basic_ecumenical_altar, minmay_fountain_box
D:2:      layout_basic, basic_altar, uniq_terence

Skill      XL: |  1  2 |
---------------+-------+-----
Ranged Weapons | 5 |  5.7
Fighting       | 3 |  3.0
Dodging        | |  2.1
Stealth        | |  0.7

Action                     || total
---------------------------++-------
   Fire: Shortbow          ||   113
    Use: Scroll            ||     5
 Armour: Leather armour    ||     5
  Dodge: Dodged            ||    25

Table legend:
 A = Non-vault XP
 B = Vault XP
 C = Vault XP percentage of total XP
 D = Non-vault monster count
 E = Vault monster count
 F = Vault count percentage of total count
                 A         B        C        D         E       F
            +---------+---------+-------+---------+---------+-------
      Total |      82 |       0 |   0.0 |      29 |       0 |   0.0
            +---------+---------+-------+---------+---------+-------
        D:1 |      24 |       0 |   0.0 |      15 |       0 |   0.0
        D:2 |      58 |       0 |   0.0 |      14 |       0 |   0.0
            +---------+---------+-------+---------+---------+-------
